 Dungeon Crawl Stone Soup version 0.30.0-5-g1a98f26d00 (webtiles) character file.

Game seed: 7290483093413091287

987 Jarnaxa the Thaumaturge (level 7, -1/37 HPs)
             Began as a Deep Elf Earth Elementalist on May 10, 2023.
             Was a Believer of Vehumet.
             Slain by a gnoll
             ... wielding a +0 whip
             ... led by a gnoll sergeant
              (5 damage)
             ... on level 5 of the Dungeon.
             The game lasted 00:09:38 (3732 turns).

Jarnaxa the Thaumaturge (DEEE)                      Turns: 3732, Time: 00:09:38

Health: -1/37      AC:  4    Str:  7    XL:     7   Next: 97%
Magic:  16/20      EV: 18    Int: 22    God:    Vehumet [**....]
Gold:   143        SH:  0    Dex: 15    Spells: 16/22 levels left

rFire   + . .        e - +7 spear of Aklae {protect, Fly rPois rF+}
rCold   . . .        (no shield)
rNeg    . . .        a - +1 robe
rPois   +            (no helmet)
rElec   .            (no cloak)
rCorr   .            h - +0 pair of gloves
SInv    .            (no boots)
Will    .....        j - amulet "Pusih" {Acrobat Str+2}
Stlth   ++           c - +5 ring of evasion
HPRegen 0.26/turn    (no ring)
MPRegen 0.17/turn

%: acrobat
@: flying
A: no striking features
a: Renounce Religion


You were on level 5 of the Dungeon.
You worshipped Vehumet.
Vehumet was pleased with you.
You visited 1 branch of the dungeon, and saw 7 of its levels.

You collected 143 gold pieces.

Inventory:

Hand Weapons
 e - the +7 spear of Aklae (weapon) {protect, Fly rPois rF+}
   (You found it on level 7 of the Dungeon)

   rF:        It protects you from fire.
   rPois:     It protects you from poison.
   Fly:       It grants you flight.
Armour
 a - a +1 robe (worn)
 h - a +0 pair of gloves (worn)
Jewellery
 c - a +5 ring of evasion (left hand)
 j - the amulet "Pusih" (around neck) {Acrobat Str+2}
   (You took it off a hobgoblin on level 4 of the Dungeon)

   [amulet of the acrobat]

   It increases your evasion while moving and waiting.
   Str:       It affects your strength (+2).
Wands
 l - a wand of paralysis (3)
Scrolls
 g - a scroll of immolation
 i - 2 scrolls of teleportation
Potions
 b - a potion of magic
 d - 2 potions of cancellation
 f - 2 potions of attraction
 k - a potion of flight


   Skills:
 + Level 0.3 Fighting
 + Level 3.7 Dodging
 + Level 3.0 Stealth
 + Level 8.3 Spellcasting
 * Level 3.4 Conjurations
 + Level 1.1 Transmutations
 + Level 6.7 Earth Magic


You had 16 spell levels left.
You knew the following spells:

 Your Spells              Type           Power      Damage    Failure   Level
a - Sandblast             Erth           76%        2d16      1%          1
b - Passwall              Tmut/Erth      21%        N/A       2%          2
c - Stone Arrow           Conj/Erth      62%        3d10      2%          3

Your spell library contained the following spells:

 Spells                   Type           Power      Damage    Failure   Level
 Kiss of Death            Conj/Necr      64%        2d10      3%          1
 Sting                    Tmut/Pois      44%        1d5       6%          1
 Summon Small Mammal      Summ           36%        N/A       7%          1
 Poisonous Vapours        Pois/Air       18%        N/A       11%         2
 Petrify                  Tmut/Erth      26%        N/A       14%         4
 Call Canine Familiar     Summ           9%         N/A       22%         3
 Summon Guardian Golem    Hex/Summ       9%         N/A       22%         3
 Manifold Assault         Tloc           9%         N/A       56%         4
 Olgreb's Toxic Radiance  Pois           9%         N/A       56%         4
 Dispersal                Tloc           4%         N/A       100%        6
 Disjunction              Tloc           4%         N/A       100%        8


Dungeon Overview and Level Annotations

Branches:
Dungeon (7/15)
 Temple: D:4-7

Altars:
Gozag
Trog
Vehumet
Xom
Yredelemnul
Zin
The Shining One

Shops:
D:6 [


Message History

The blast of sand hits the gnoll sergeant.
The gnoll sergeant is severely wounded.
The gnoll sergeant closely misses you. The gnoll hits you with a +0 club.
The gnoll sergeant hits you from afar with a +0 trident!
The blast of sand hits the gnoll!!
You kill the gnoll!
Vehumet accepts your kill. The gnoll sergeant misses you.
The blast of sand hits the gnoll!!
You kill the gnoll!
Vehumet accepts your kill.
You feel your power returning.
The gnoll sergeant completely misses you.
The gnoll sergeant hits you from afar with a +0 trident!
You are too injured to fight recklessly!
You are too injured to fight recklessly!
You are too injured to fight recklessly!
Unknown command.
You are too injured to fight recklessly!
Casting: Sandblast (safe; 1% risk of failure)
Confirm with . or Enter, or press ? or * to list all spells.
Aiming: Sandblast (safe; 1% risk of failure)
Press: ? - help, Shift-Dir - straight line, f - gnoll
Aim: a gnoll, wielding a +0 club (86% to hit)
The blast of sand hits the gnoll!!
You kill the gnoll!
Vehumet accepts your kill.
The gnoll sergeant hits you from afar with a +0 trident.
* * * LOW HITPOINT WARNING * * *
Casting: Sandblast (safe; 1% risk of failure)
Confirm with . or Enter, or press ? or * to list all spells.
Aiming: Sandblast (safe; 1% risk of failure)
Press: ? - help, Shift-Dir - straight line, f - gnoll
Aim: a gnoll, wielding a +0 whip (86% to hit)
The blast of sand hits the gnoll!
The gnoll is severely wounded.
The gnoll sergeant hits you from afar with a +0 trident!
* * * LOW HITPOINT WARNING * * *
The gnoll hits you with a +0 whip.
You die...

## .# .# .#
##.# #..#
+#+########g#
..gggg.>#g)@#
.#.####...###
#......###
#+####.# #.#
#.# #.. #.#
#.


You could see a gnoll sergeant and a gnoll.

Vanquished Creatures
  A steam dragon (D:7)
  2 centaurs (D:7)
  A phantom (D:6)
  A kobold brigand (D:7)
  A bullfrog (D:6)
  A jelly (D:7)
  2 hounds
  2 orc priests
  A sleepcap (D:7)
  An orc wizard (D:4)
  12 gnolls
  5 adders
  A white imp (D:7)
  An ufetubus (D:7)
  6 dart slugs
  12 orcs
  8 ball pythons
  3 bats (D:1)
  8 endoplasms
  4 giant cockroaches
  10 goblins
  8 hobgoblins
  14 kobolds
  4 quokkas
  3 frilled lizards
  3 rats
115 creatures vanquished.

Notes
Turn   | Place    | Note
-------+----------+-------------------------------------------
     0 | D:1      | Jarnaxa the Deep Elf Earth Elementalist began the quest for
                  | the Orb.
     0 | D:1      | Reached XP level 1. HP: 10/10 MP: 6/6
   132 | D:1      | Reached XP level 2. HP: 13/15 MP: 4/8
   750 | D:1      | Reached XP level 3. HP: 19/19 MP: 8/10
  1083 | D:2      | Learned a level 2 spell: Passwall
  1095 | D:2      | Reached skill level 4 in Spellcasting
  1304 | D:2      | Reached XP level 4. HP: 24/24 MP: 5/12
  1305 | D:2      | Reached skill level 5 in Spellcasting
  2271 | D:3      | Found an opulent altar of Gozag.
  2272 | D:3      | Found a basalt altar of Yredelemnul.
  2273 | D:3      | Found a bloodstained altar of Trog.
  2274 | D:3      | Found a glowing golden altar of the Shining One.
  2275 | D:3      | Found a glowing silver altar of Zin.
  2278 | D:3      | Found a radiant altar of Vehumet.
  2279 | D:3      | Found a shimmering altar of Xom.
  2283 | D:3      | Became a worshipper of Vehumet
  2439 | D:3      | Reached XP level 5. HP: 28/28 MP: 13/15
  2726 | D:4      | Reached skill level 6 in Spellcasting
  2862 | D:4      | Learned a level 3 spell: Stone Arrow
  2930 | D:4      | Identified the amulet "Pusih" {Acrobat Str+2}
  2936 | D:4      | Reached * piety under Vehumet
  2936 | D:4      | Offered knowledge of Freeze by Vehumet.
  3114 | D:4      | Reached skill level 5 in Earth Magic
  3114 | D:4      | Reached XP level 6. HP: 19/32 MP: 12/17
  3265 | D:4      | Reached skill level 1 in Conjurations
  3273 | D:4      | You fall into a shaft and drop 3 floors!
  3425 | D:7      | Identified the +7 spear of Aklae {protect, Fly rPois rF+}
  3436 | D:7      | Reached skill level 7 in Spellcasting
  3457 | D:7      | Reached XP level 7. HP: 37/37 MP: 10/19
  3483 | D:7      | Noticed a steam dragon
  3507 | D:7      | Killed a steam dragon
  3672 | D:6      | Found Zomol's Antique Armour Shop.
  3676 | D:6      | Reached skill level 8 in Spellcasting
  3703 | D:6      | Reached ** piety under Vehumet
  3720 | D:5      | Entered Level 5 of the Dungeon
  3725 | D:5      | Offered knowledge of Kiss of Death by Vehumet.
  3732 | D:5      | Slain by a gnoll

Illustrated notes

Levels and vault maps discovered:
D:1:      amcnicky_arrival_blooded_trapdoor, layout_loops_ring
D:2:      layout_basic
D:3:      layout_basic, minitemple
D:4:      minmay_inner_zag, layout_loops_corners, minmay_crystal_water,
          minmay_checkerbox
D:5:      layout_basic, mainiacjoe_overflow_chevrons, minmay_temple_entry_waves,
          kennysheep_flooded_box
D:6:      layout_gridville, serial_glass, glass_columns_a, glass_columns_b,
          glass_columns_a, glass_columns_b, glass_columns_b, glass_columns_a,
          minmay_strange_pillars, serial_shops, nicolae_shop_hallway_plus
D:7:      layout_rooms, serial_shops, shop, nicolae_ossuary_entry_ruins,
          grunt_decor_one_mirror

Skill      XL: |  1  2  3  4  5  6  7 |
---------------+----------------------+-----
Dodging        | 3 |  3.7
Spellcasting   | 4 5 6 7 8 |  8.3
Earth Magic    | 4 5 6 |  6.7
Conjurations   | 1 3 |  3.4
Stealth        | 3 |  3.0
Fighting       | |  0.3
Transmutations | |  1.1

Action                     |  1- 3 |  4- 6 |  7- 9 || total
---------------------------+-------+-------+-------++-------
  Melee: Unarmed           |       |     2 |       ||     2
         Spear             |       |       |     1 ||     1
   Cast: Sandblast         |    56 |   104 |    31 ||   191
    Use: Scroll            |     3 |     4 |       ||     7
 Armour: Robe              |     4 |    17 |     7 ||    28
  Dodge: Dodged            |    17 |    54 |    22 ||    93
